 Dungeon Crawl Stone Soup version 0.30.0-10-gfe55d96785 (webtiles) character file.

Game seed: 8061913532134195455

18 Pimp the Shooter (level 2, -5/17 HPs)
             Began as a Deep Elf Hunter on May 15, 2023.
             Slain by a gnoll
             ... wielding a +3 halberd
              (15 damage)
             ... on level 2 of the Dungeon.
             The game lasted 00:01:52 (866 turns).

Pimp the Shooter (Deep Elf Hunter)                   Turns: 866, Time: 00:01:52

Health: -5/17      AC:  4    Str:  8    XL:     2   Next: 48%
Magic:  4/4        EV: 12    Int: 13    God:
Gold:   51         SH:  0    Dex: 18    Spells: 1/1 levels left

rFire   . . .        a - +0 shortbow
rCold   . . .        (shield currently unavailable)
rNeg    . . .        c - +0 leather armour
rPois   .            (no helmet)
rElec   .            d - +0 cloak
rCorr   .            (no gloves)
SInv    .            (no boots)
Will    .....        (no amulet)
Stlth   ++           (no ring)
HPRegen 0.22/turn    (no ring)
MPRegen 0.09/turn

%: no passive effects
@: no status effects
A: no striking features
a: no special abilities


You were on level 2 of the Dungeon.
You visited 1 branch of the dungeon, and saw 2 of its levels.

You collected 51 gold pieces.

Inventory:

Hand Weapons
 a - a +0 shortbow (weapon)
 f - a +0 dagger
Armour
 c - a +0 leather armour (worn)
 d - a +0 cloak (worn)
Scrolls
 b - a scroll of immolation
 e - a scroll of teleportation {unknown}
 g - a scroll of identify
 j - a scroll of enchant weapon {unknown}
Potions
 h - a potion of mutation {unknown}
 i - a potion of brilliance {unknown}
 k - a potion of attraction
 l - a potion of lignification {unknown}


   Skills:
 + Level 1.8 Fighting
 + Level 5.5 Ranged Weapons
 + Level 2.8 Dodging
 + Level 2.0 Stealth


You had one spell level left.
You didn't know any spells.
Your spell library contained the following spells:

 Spells                   Type           Power      Damage    Failure   Level
 Lesser Beckoning         Tloc           0%         N/A       56%         2
 Gell's Gravitas          Tloc           0%         N/A       80%         3
 Teleport Other           Tloc           0%         N/A       80%         3


Dungeon Overview and Level Annotations

Branches:
Dungeon (2/15)

Altars:


Message History

Found a stone staircase leading down.
A ball python comes into view.
A ball python is nearby!
You shoot an arrow. The arrow hits the ball python.
You kill the ball python!
No target in view!
There is a stone staircase leading down here.
l - a fuming purple potion A gnoll and a frilled lizard come into view.
Found a stone staircase leading down.
The gnoll shouts!
You hear a shout! x2
A gnoll comes into view. It is wielding a +0 spear.
You shoot an arrow.
The arrow barely misses the frilled lizard.
A gnoll comes into view. It is wielding a +0 halberd.
There are monsters nearby!
You shoot an arrow.
The arrow closely misses the frilled lizard.
The gnoll moves out of view.
You shoot an arrow. The arrow hits the frilled lizard!
You kill the frilled lizard!
You see here a +0 kite shield.
A gnoll comes into view. It is wielding a +0 flail.
As you read the scroll labelled OXZUFR OTHERU, it crumbles to dust.
It is a scroll of identify.
k - a potion of attraction The gnoll barely misses you.
You shoot an arrow. The arrow hits the gnoll!
The gnoll is heavily wounded.
The gnoll hits you from afar with a +3 halberd!
You shoot an arrow.
The arrow hits the gnoll but does no damage.
The gnoll is heavily wounded.
The gnoll closely misses you.
You shoot an arrow. The arrow barely misses the gnoll.
The arrow hits the gnoll.
The gnoll is lightly wounded.
The gnoll hits you from afar with a +3 halberd!
Ouch! That really hurt!
You die...

#..##.###.###.##..#
##.#.....).....#.##
#...##.###.##...#
##.#.#.......#.#g##
#..#...##.##...#g.#
##.#.#.#...#.#.#g##
#...#...⌠...#..g#
##.#.#.#...#.#.#.##
#..#.(.##.##...#@.#
##.#.#.......#.#.##
#...##.###.##...#
.#.#...........#.#
#..##.###.###.##..
##...............#
###.###.###.###.##
#.......# #..#.##
#.####.#####.# #


You could see 4 gnolls.

Vanquished Creatures
  A dart slug (D:1)
  A bat (D:1)
  2 endoplasms (D:1)
  5 goblins
  A hobgoblin (D:1)
  A ball python (D:2)
  A frilled lizard (D:2)
  2 rats (D:1)
14 creatures vanquished.

Notes
Turn   | Place    | Note
-------+----------+-------------------------------------------
     0 | D:1      | Pimp the Deep Elf Hunter began the quest for the Orb.
     0 | D:1      | Reached XP level 1. HP: 12/12 MP: 3/3
   287 | D:1      | Reached XP level 2. HP: 17/17 MP: 4/4
   866 | D:2      | Slain by a gnoll

Illustrated notes

Levels and vault maps discovered:
D:1:      minmay_arrival_radiant_lines, layout_loops_corners,
          serial_bayou_crossing
D:2:      layout_rooms, hangedman_decor_clover_reticule,
          nicolae_concentric_dashed_squares_wild, minmay_misc_feat_more_columns,
          glass_columns_a, minmay_misc_feat_plants, minmay_splitting_lines,
          minivault_25, lexackson_kobold_supper

Skill      XL: |  1  2 |
---------------+-------+-----
Stealth        | 2 |  2.0
Fighting       | |  1.8
Ranged Weapons | |  5.5
Dodging        | |  2.8

Action                     || total
---------------------------++-------
   Fire: Shortbow          ||    40
    Use: Scroll            ||     1
 Armour: Leather armour    ||     2
  Dodge: Dodged            ||     6
